 Dungeon Crawl Stone Soup version 0.27-a0-550-ge92ec0ca06 (webtiles) character file.

Game seed: 13976689899513335802

375 HoaS the Ruffian (level 6, -7/50 HPs)
             Began as a Demigod Gladiator on Mar 7, 2021.
             Killed by divine providence
             ... invoked by an orc priest
              (13 damage)
             ... on level 5 of the Dungeon.
             The game lasted 00:07:46 (3257 turns).

HoaS the Ruffian (Demigod Gladiator)                Turns: 3257, Time: 00:07:46

Health: -7/50      AC: 12    Str: 23    XL:     6   Next: 20%
Magic:  8/8        EV:  7    Int: 10    God:
Gold:   180        SH:  0    Dex: 15    Spells: 5/5 levels left

rFire    . . .     SeeInvis .     - Unarmed
rCold    . . .     Faith    .   (no shield)
rNeg     . . .     Spirit   .   i - +0 plate armour
rPois    .         Reflect  .   b - +0 helmet
rElec    .         Harm     .   g - +0 cloak
rCorr    .         Rampage  .   (no gloves)
Will     .....                  (no boots)
Stlth    ..........             (no amulet)
HPRegen  0.16/turn              (no ring)
MPRegen  0.11/turn              (no ring)

@: lethally poisoned (-7 -> -10)
A: high mp 1, forlorn
a: no special abilities


You were on level 5 of the Dungeon.
You visited 1 branch of the dungeon, and saw 5 of its levels.

You collected 180 gold pieces.

Inventory:

Missiles
 c - a throwing net (quivered)
Armour
 b - a +0 helmet (worn)
 g - a +0 cloak (worn)
 i - a +0 plate armour (worn)
Jewellery
 h - a ring of ice
Scrolls
 k - a scroll of fog
Potions
 a - a potion of haste
 d - a potion of ambrosia
 e - 2 potions of flight {unknown}
 f - a potion of might {unknown}
 j - a potion of attraction {unknown}


   Skills:
 + Level 2.5 Fighting
 - Level 1.7 Throwing
 + Level 1.6 Armour
 - Level 3.0 Dodging
 - Level 6.0 Unarmed Combat


You had 5 spell levels left.
You didn't know any spells.
Your spell library was empty.

Dungeon Overview and Level Annotations

Branches:
Dungeon (5/15)
 Temple: D:4-7

Annotations:
D:4 Grinder, Sigmund


Innate Abilities, Weirdness & Mutations

Your attributes grow dramatically as you level up.
You have an increased reservoir of magic. (+10% MP)
You shall have no god before yourself.


Message History

a +0 short sword; a +0 hand axe; an orc corpse You closely miss the orc.
You feel sick.
The orc priest calls down the wrath of Beogh upon you.
Beogh smites you! The orc completely misses you.
You punch the orc!
You kill the orc!
You feel sick.
You punch the orc!
You kill the orc!
You feel sick.
The orc priest calls down the wrath of Beogh upon you.
Beogh smites you!
* * * LOW HITPOINT WARNING * * *
The orc priest looks braver for a moment.
You hit the orc.
The orc is heavily wounded.
The orc hits you but does no damage.
You completely miss the orc.
The orc is moderately wounded.
You feel sick.
You hit the orc.
You kill the orc!
You feel sick.
The orc priest looks encouraged for a moment.
You closely miss the quokka.
The quokka bites you but does no damage.
You closely miss the quokka.
You feel sick. The quokka completely misses you.
You closely miss the quokka. The quokka bites you.
* * * LOW HITPOINT WARNING * * *
You hit the quokka.
You kill the quokka!
You hit the orc priest. You punch the orc priest.
The orc priest is moderately wounded.
You feel sick.
The orc priest looks braver for a moment.
You hit the orc priest but do no damage.
The orc priest is moderately wounded.
The orc priest invokes the aid of Beogh against you.
Beogh smites you!
You die...

### #<#
#)# #@#
#o# #B#
.o. ...
.....
.....
......#


You could see a worker ant and 2 orc priests.

Vanquished Creatures
  A bullfrog skeleton (D:4)
  Crazy Yiuf (D:2)
  An iguana (D:3)
  A worker ant (D:3)
  Terence (D:2)
  3 orc wizards (D:3)
  5 adders
  2 worms
  4 dart slugs
  6 leopard geckos
  12 orcs
  5 giant cockroaches
  10 goblins
  8 hobgoblins
  2 jackals (D:2)
  5 kobolds
  A quokka (D:5)
  A ball python (D:1)
  10 bats
  7 frilled lizards
  9 rats
95 creatures vanquished.

Vanquished Creatures (others)
  2 orc wizards (D:4)
  A worker ant (D:4)
  An adder (D:4)
  An orc (D:4)
  A ball python (D:4)
  A jackal (D:4)
  A frilled lizard (D:4)
8 creatures vanquished.

Grand Total: 103 creatures vanquished

Notes
Turn   | Place    | Note
-------+----------+-------------------------------------------
     0 | D:1      | HoaS the Demigod Gladiator began the quest for the Orb.
     0 | D:1      | Reached XP level 1. HP: 17/17 MP: 3/3
    95 | D:1      | Reached skill level 3 in Unarmed Combat
   180 | D:1      | Reached XP level 2. HP: 18/24 MP: 4/4
   664 | D:1      | Reached XP level 3. HP: 27/29 MP: 5/5
   790 | D:2      | Reached skill level 4 in Unarmed Combat
   948 | D:2      | Found a runed translucent door.
   949 | D:2      | Noticed Crazy Yiuf
  1520 | D:2      | Reached XP level 4. HP: 32/36 MP: 6/6
  1614 | D:2      | Noticed Terence
  1645 | D:2      | Killed Terence
  1665 | D:2      | Reached skill level 5 in Unarmed Combat
  1899 | D:2      | Killed Crazy Yiuf
  2145 | D:3      | Reached XP level 5. HP: 38/41 MP: 7/7
  2402 | D:3      | Reached skill level 6 in Unarmed Combat
  2765 | D:4      | Noticed Grinder
  3053 | D:3      | Reached skill level 1 in Armour
  3053 | D:3      | Reached XP level 6. HP: 42/48 MP: 8/8
  3194 | D:4      | Noticed Sigmund
  3230 | D:5      | Entered Level 5 of the Dungeon
  3257 | D:5      | Killed from afar by an orc priest

Illustrated notes

Levels and vault maps discovered:
D:1:      giann_wishing_wells, layout_rooms
D:2:      layout_basic, lemuel_coloured_pillars_altar, minmay_indecisive_spiral,
          uniq_crazy_yiuf_cottage, uniq_terence
D:3:      layout_rooms
D:4:      layout_basic, xom_confusion_cloud, uniq_ijyb, uniq_grinder,
          uniq_edmund, uniq_sigmund
D:5:      gammafunk_cloud_chamber, layout_basic, okawaru_trees_2,
          minmay_temple_entry_butterflies, serial_shops,
          nicolae_shop_overgrown_old_shop, basic_altar

Skill      XL: |  1  2  3  4  5 |
---------------+----------------+-----
Unarmed Combat | 3 4 5 6 |  6.0
Fighting       | 2 |  2.5
Armour         | 1 |  1.6
Dodging        | 3 |  3.0
Throwing       | |  1.7

Action                   |  1- 3 |  4- 6 || total
-------------------------+-------+-------++-------
Melee: Unarmed           |   188 |   212 ||   400
       Punch             |     3 |     4 ||     7
Throw: Throwing net      |       |     8 ||     8
  Use: Scroll            |     5 |       ||     5
 Stab: Held in net/web   |       |     5 ||     5
Armor: Leather armour    |    41 |       ||    41
       Plate armour      |    27 |   122 ||   149
Dodge: Dodged            |    85 |    40 ||   125

Table legend: (Time is in decaauts)
 A = Elapsed time spent in this place.
 B = Non-inter-level travel time spent in this place.
 C = Inter-level travel time spent in this place.
 D = Time resting spent in this place.
 E = Time spent auto-exploring this place.
 F = Levels seen in this place.
 G = Mean time per level.
                   A        B        C        D        E       F      G
               +--------+--------+--------+--------+--------+-----+--------+
         Total |   3222 |   3110 |    112 |    856 |   1462 |   5 |  644.4 |
       Dungeon |   3222 |   3110 |    112 |    856 |   1462 |   5 |  644.4 |
               +--------+--------+--------+--------+--------+-----+--------+

Top non-repeatable levels by time:
     D:2: 1276 daAuts
     D:3: 1034 daAuts
     D:1: 740 daAuts
     D:4: 146 daAuts
     D:5: 24 daAuts
